AoeStats
← Chris

African Clearing

505273202Analyzed
4v4 RM · 23d ago on Sep 8, 2026· 38m 36s· 8 players
Game mode
Random Map
Map size
Large (8 player)
Population
200
Speed
Normal
Resources
Standard
Victory
Conquest
Starting age
Dark Age
Ending age
Imperial Age
RankedLock teamsTeams togetherTeam positionsShared explorationLock speedFull tech treeHidden civsTurbo modeCheats
Victory
Defeat
🇨🇳 Turks · China
1587
+10
🇧🇷 Koreans · Brazil
1564
+11
🇨🇱 Huns · Chile
1511
+13
🇨🇳 Italians · China
1426
+18
🇳🇱 Tatars · Netherlands
1494
-14
🇷🇺 Maya · Russia
1477
-14
🇮🇳 Sicilians · India
1427
-12
🇺🇸 Britons · United States
1424
-12
Chris
5:35 Loom
13:26 Feudal Age
14:17 Double-Bit Axe
16:20 Fletching
16:31 Padded Archer Armor
16:21 Horse Collar
19:33 Scale Mail Armor
20:21 Town Watch
23:30 Wheelbarrow
27:22 Castle Age
26:22 Gold Mining
28:13 Bow Saw
28:10 Bodkin Arrow
27:37 Crossbowman
29:07 Pikeman
30:28 Chain Mail Armor
34:08 Murder Holes
SiraZaika
6:01 Loom
13:11 Feudal Age
14:02 Town Watch
17:10 Castle Age
15:17 Fletching
16:30 Double-Bit Axe
18:06 Bodkin Arrow
22:26 Padded Archer Armor
26:35 Wheelbarrow
26:45 Leather Archer Armor
27:07 Bow Saw
30:10 Horse Collar
34:39 Imperial Age
32:57 Ballistics
32:35 Stone Mining
32:35 Gold Mining
33:01 Heavy Plow
34:12 Scale Mail Armor
34:23 Forging
34:15 Squires
34:25 Pikeman
35:37 Chain Mail Armor
34:45 Eagle Warrior
36:49 Hand Cart
37:42 Plate Mail Armor
37:47 Iron Casting
38:26 Halberdier
Komkommersla
3:30 Loom
12:08 Feudal Age
12:42 Double-Bit Axe
12:54 Horse Collar
14:58 Forging
14:58 Horse Collar
23:04 Castle Age
22:38 Bloodlines
22:43 Fletching
26:11 Town Watch
29:04 Husbandry
29:01 Bodkin Arrow
31:55 Padded Archer Armor
33:24 Wheelbarrow
37:26 Ballistics
Boleslaus the Cruel
12:40 Feudal Age
12:27 Loom
16:18 Castle Age
14:50 Double-Bit Axe
17:37 Bow Saw
31:30 First Crusade
31:26 Fletching
32:58 Horse Collar
33:24 Scale Mail Armor
35:36 Chain Mail Armor
38:01 Forging
39:01 Wheelbarrow
happix
13:14 Feudal Age
16:43 Castle Age
15:22 Double-Bit Axe
16:30 Loom
20:05 Bow Saw
22:34 Horse Collar
23:31 Wheelbarrow
26:22 Fletching
28:20 Scale Barding Armor
35:34 Imperial Age
33:20 Hand Cart
33:52 Husbandry
34:03 Bloodlines
33:55 Marauders
34:09 Gold Mining
34:10 Stone Mining
34:24 Heavy Plow
34:59 Chain Barding Armor
34:50 Forging
35:52 Bodkin Arrow
36:59 Plate Barding Armor
35:48 Elite Tarkan
36:50 Conscription
38:16 Iron Casting
38:36 Bodkin Arrow
40:13 Blast Furnace
Fs.7mendes
4:38 Loom
12:59 Feudal Age
18:38 Castle Age
17:15 Double-Bit Axe
18:07 Horse Collar
19:56 Bow Saw
19:54 Fletching
32:27 Ballistics
给你一棒槌
13:04 Feudal Age
13:25 Loom
14:37 Double-Bit Axe
17:02 Castle Age
15:00 Horse Collar
25:28 Bow Saw
26:23 Wheelbarrow
28:43 Scale Barding Armor
28:41 Heavy Plow
29:50 Bloodlines
38:48 Sanctity
39:30 Ballistics
02288
12:59 Feudal Age
12:43 Loom
17:02 Castle Age
14:51 Double-Bit Axe
17:46 Scale Barding Armor
17:05 Light Cavalry
18:15 Horse Collar
24:50 Husbandry
26:11 Bloodlines
30:04 Chain Barding Armor
33:19 Wheelbarrow
38:44 Imperial Age
36:31 Squires
37:15 Arson
37:46 Forging
37:37 Scale Mail Armor
38:38 Hand Cart
38:36 Bow Saw
38:28 Heavy Plow
39:14 Iron Casting
Connection lost

Rejoining the realm…

Still unreachable

The connection could not be restored.

Session expired

The server has moved on; the page needs a fresh start.